 Dungeon Crawl Stone Soup version 0.31-a0-216-g22e908daa7 (webtiles) character file.

Game seed: 220992016294401583

112 qw the Chopper (level 4, -1/28 HPs)
             Began as a Gargoyle Fighter on July 1, 2023.
             Slain by an ice beast (14 damage)
             ... on level 3 of the Dungeon.
             The game lasted 00:01:02 (1824 turns).

qw the Chopper (Gargoyle Fighter)                   Turns: 1824, Time: 00:01:02

Health: -1/28      AC: 10    Str: 22    XL:     4   Next: 95%
Magic:  4/4        EV: 10    Int:  8    God:
Gold:   174        SH:  5    Dex: 15    Spells: 3/3 levels left

rFire   . . .        Y - +0 war axe
rCold   . . .        c - +0 buckler
rNeg    + . .        b - +0 scale mail
rPois   inf          (no helmet)
rElec   +            (no cloak)
rCorr   .            (no gloves)
SInv    .            (no boots)
Will    .....        (no amulet) Stlth
                     f - +6 ring of dexterity
HPRegen 0.24/turn    (no ring)
MPRegen 0.09/turn

%: no passive effects
@: no status effects
A: sickness immunity, AC +3, negative energy resistance 1, electricity
resistance, torment resistance 1, petrification resistance
a: no special abilities


You were on level 3 of the Dungeon.
You visited 1 branch of the dungeon, and saw 3 of its levels.

You collected 174 gold pieces.


Innate Abilities, Weirdness & Mutations

You are immune to sickness and miasma.
Your stone body is resilient. (AC +3)
You are immune to poison.
You resist negative energy. (rN+)
You are resistant to electric shocks. (rElec)
You are resistant to unholy torment.
You are immune to petrification.


   Skills:
 - Level 3.2 Fighting
 + Level 4.2 Axes
 - Level 3.2 Armour
 - Level 1.0 Dodging
 - Level 3.2 Shields


You had 3 spell levels left.
You didn't know any spells.
Your spell library was empty.

Inventory:

Hand Weapons
 g - a +0 whip
 Y - a +0 war axe (weapon)
Armour
 b - a +0 scale mail (worn)
 c - a +0 buckler (worn)
Jewellery
 f - a +6 ring of dexterity (left hand)
 h - a ring of fire
Scrolls
 a - 2 scrolls of teleportation
 l - 3 scrolls of identify
Potions
 d - a potion of might
 e - a potion of heal wounds {unknown}
 i - a potion of ambrosia {unknown}
 j - a potion of haste {unknown}
 k - a potion of invisibility {unknown}
 m - a potion of degeneration {unknown}

Dungeon Overview and Level Annotations

Branches:
Dungeon (3/15)

Altars:

Shops:
D:1 ![


Message History

Enter note:
Enter note:
Enter note: You miss the adder.
The adder barely misses you.
You closely miss the adder. The adder bites you.
The adder bites you but does no damage.
You barely miss the adder. The adder bites you but does no damage.
The adder bites you.
You closely miss the adder. The adder barely misses you.
The adder bites you but does no damage.
You hit the adder.
The adder is heavily wounded.
The adder barely misses you.
You closely miss the adder.
The adder is heavily wounded.
The adder bites you but does no damage. The adder barely misses you.
You slash the adder!
You kill the adder!
The ice beast closely misses you.
You barely miss the ice beast. The ice beast closely misses you.
You closely miss the ice beast.
The ice beast hits you but does no damage.
You slash the ice beast!
The ice beast is moderately wounded.
The ice beast hits you but does no damage.
The ice beast hits you. The ice beast freezes you!
You hit the ice beast.
The ice beast is heavily wounded.
The ice beast hits you but does no damage.
You hit the ice beast but do no damage.
The ice beast is heavily wounded.
You block the ice beast's attack.
You hit the ice beast but do no damage.
The ice beast is heavily wounded.
The ice beast closely misses you. The ice beast hits you.
The ice beast freezes you!
Ouch! That really hurt!
You die...

.......# .....#.....%....
.......# .....#......###.
.......# ................
.......# ....#...........
.......# .#...#../.......
.......## .#.#.#.###..###.
........### #.#.#.#..........
..........#######Y#<#.#.###..##..
######.##.......@..............>#
#.##########.....#.#######.#
###'######## #.#####.# ###'#
#............... ... #....
#.......######### #### #....
#.......####### #....
######..##....# #.... ##..#....#
#.... #..#....# #....


You could see an ice beast.

Vanquished Creatures
  A gnoll (D:1)
  4 adders
  A worm (D:3)
  2 dart slugs
  An orc (D:3)
  10 ball pythons
  4 endoplasms
  A giant cockroach (D:2)
  6 goblins
  7 hobgoblins
  4 jackals (D:1)
  A quokka (D:2)
  4 bats
  3 frilled lizards (D:1)
  4 kobolds (D:1)
  4 rats
57 creatures vanquished.

Notes
Turn   | Place    | Note
-------+----------+-------------------------------------------
     0 | D:1      | qw the Gargoyle Fighter began the quest for the Orb.
     0 | D:1      | Reached XP level 1. HP: 14/14 MP: 1/1
     0 | D:1      | 0 ||| qw: Version: 0.3-a-35-g05ef00e
     0 | D:1      | 0 ||| qw: Game counter: 7762
     0 | D:1      | 0 ||| qw: Melee chars always use a shield: true
     0 | D:1      | 0 ||| qw: God list: Okawaru
     0 | D:1      | 0 ||| qw: Allow faded altars: false
     0 | D:1      | 0 ||| qw: Do Orc after clearing Dungeon:15 true
     0 | D:1      | 0 ||| qw: Do second Lair branch before Depths: true
     0 | D:1      | 0 ||| qw: Lair rune preference: random
     0 | D:1      | 0 ||| qw: Goals: Normal, Zot:1-4, Slime:5, God:TSO, Crypt,
                  | Tomb, Abyss, Pan, Hells, Win
     0 | D:1      | 0 ||| PLANNING D:1-11
    42 | D:1      | Reached skill level 2 in Axes
    60 | D:1      | Found Eneosab's Distillery.
    64 | D:1      | 64 ||| SHOPLISTING 2 potions of heal wounds (120 gold, have
                  | 20).
    64 | D:1      | 64 ||| SHOPLISTING potion of attraction (36 gold, have 20).
    64 | D:1      | 64 ||| SHOPLISTING potion of cancellation (96 gold, have
                  | 20).
    64 | D:1      | 64 ||| SHOPLISTING potion of enlightenment (60 gold, have
                  | 20).
    64 | D:1      | 64 ||| SHOPLISTING potion of magic (96 gold, have 20).
    64 | D:1      | 64 ||| SHOPLISTING potion of might (48 gold, have 20).
    80 | D:1      | Reached XP level 2. HP: 11/19 MP: 2/2
   160 | D:1      | 160 ||| DROPPING +0 club.
   164 | D:1      | 164 ||| Stepping ~*~*~tactically~*~*~ (stealth).
   166 | D:1      | 166 ||| Stepping ~*~*~tactically~*~*~ (stealth).
   167 | D:1      | 167 ||| Stepping ~*~*~tactically~*~*~ (stealth).
   168 | D:1      | 168 ||| Stepping ~*~*~tactically~*~*~ (stealth).
   205 | D:1      | 205 ||| Stepping ~*~*~tactically~*~*~ (hiding).
   215 | D:1      | Reached skill level 3 in Axes
   251 | D:1      | Reached XP level 3. HP: 23/23 MP: 3/3
   322 | D:1      | 322 ||| Stepping ~*~*~tactically~*~*~ (hiding).
   387 | D:1      | 387 ||| Stepping ~*~*~tactically~*~*~ (stealth).
   396 | D:1      | Found Necarhon's Antique Armour Shoppe.
   401 | D:1      | 401 ||| SHOPLISTING dyed leather armour (80 gold, have 23).
   401 | D:1      | 401 ||| SHOPLISTING glowing plate armour (416 gold, have
                  | 23).
   401 | D:1      | 401 ||| SHOPLISTING glowing ring mail (112 gold, have 23).
   401 | D:1      | 401 ||| SHOPLISTING helmet (72 gold, have 23).
   401 | D:1      | 401 ||| SHOPLISTING pair of gloves (72 gold, have 23).
   401 | D:1      | 401 ||| SHOPLISTING plate armour (368 gold, have 23).
   401 | D:1      | 401 ||| SHOPLISTING shiny chain mail (120 gold, have 23).
   401 | D:1      | 401 ||| SHOPLISTING warped chain mail (152 gold, have 23).
   440 | D:1      | 440 ||| Stepping ~*~*~tactically~*~*~ (stealth).
   475 | D:1      | 475 ||| Stepping ~*~*~tactically~*~*~ (stealth).
   572 | D:1      | Found Iphon's Jewellery Shop.
   853 | D:1      | 853 ||| UPGRADING to +6 ring of dexterity.
   854 | D:1      | 854 ||| READING 2 scrolls labelled SAUSTA XAUCRI QYFE.
   855 | D:1      | 855 ||| READING scroll labelled JIOMOCR XOUK.
   860 | D:1      | 860 ||| DROPPING scroll of poison.
   909 | D:2      | 909 ||| Stepping ~*~*~tactically~*~*~ (stealth).
   910 | D:2      | 910 ||| Stepping ~*~*~tactically~*~*~ (stealth).
   918 | D:2      | Reached skill level 1 in Dodging
   918 | D:2      | Reached XP level 4. HP: 24/28 MP: 4/4
  1443 | D:2      | Reached skill level 4 in Axes
  1563 | D:2      | 1563 ||| READING scroll labelled JETIXE BEWKOJA.
  1564 | D:2      | 1564 ||| READING scroll labelled NITETU COMUCS.
  1565 | D:2      | 1565 ||| READING 2 scrolls labelled VASADY BASSIGH.
  1619 | D:3      | Found a faded altar of an unknown god.
  1811 | D:3      | Noticed an ice beast
  1824 | D:3      | Slain by an ice beast

Levels and vault maps discovered:
D:1:      minmay_arrival_jagged, layout_basic, serial_shops,
          nicolae_shop_real_fake_doors, nicolae_shop_tiny_real_fake_doors, shop
D:2:      layout_basic
D:3:      layout_basic, hellmonk_ecumenical_altar_lost_god, st_stairs_8,
          minmay_distorted

Skill      XL: |  1  2  3  4 |
---------------+-------------+-----
Axes           | 2 3 4 |  4.2
Dodging        | 1 |  1.0
Fighting       | |  3.2
Armour         | |  3.2
Shields        | |  3.2

Action                     |  1- 3 |  4- 6 || total
---------------------------+-------+-------++-------
  Melee: War axe           |   114 |    59 ||   173
    Use: Scroll            |     2 |     3 ||     5
 Armour: Scale mail        |    69 |    22 ||    91
  Dodge: Dodged            |    68 |    25 ||    93
  Block: Buckler           |    22 |    12 ||    34

Table legend:
 A = Non-vault XP
 B = Vault XP
 C = Vault XP percentage of total XP
 D = Non-vault monster count
 E = Vault monster count
 F = Vault count percentage of total count
                 A         B        C        D         E       F
            +---------+---------+-------+---------+---------+-------
      Total |     156 |       5 |   3.1 |      55 |       2 |   3.5
            +---------+---------+-------+---------+---------+-------
        D:1 |      70 |       0 |   0.0 |      33 |       0 |   0.0
        D:2 |      64 |       0 |   0.0 |      18 |       0 |   0.0
        D:3 |      22 |       5 |  18.5 |       4 |       2 |  33.3
            +---------+---------+-------+---------+---------+-------
